 Dungeon Crawl Stone Soup version 0.26.1-11-gd32895ea62 (webtiles) character file.

Game seed: 3436857465454690431

51 dtburroughs the Skirmisher (level 3, -1/33 HPs)
             Began as a Minotaur Berserker on July 10, 2021.
             Was a Believer of Trog.
             Slain by a goblin
             ... wielding a +0 club
             ... led by Robin
              (4 damage)
             ... on level 2 of the Dungeon.
             The game lasted 00:01:58 (1152 turns).

dtburroughs the Skirmisher (Minotaur Berserker)     Turns: 1152, Time: 00:01:59

Health: -1/33      AC:  2    Str: 21    XL:     3   Next: 57%
Magic:  2/2        EV: 12    Int:  5    God:    Trog [**....]
Gold:   20         SH:  0    Dex:  9    Spells: 2/2 levels left

rFire    . . .     SeeInvis .   a - +0 hand axe
rCold    . . .     Faith    .   (no shield)
rNeg     . . .     Spirit   .   b - +0 animal skin
rPois    .         Reflect  .   (helmet restricted)
rElec    .         Harm     .   (no cloak)
rCorr    .         Rampage  .   (no gloves)
Will     .....                  (no boots)
Stlth    +.........             (no amulet)
HPRegen  0.11/turn              (no ring)
MPRegen  0.08/turn              (no ring)

@: no status effects
A: retaliatory headbutt, horns 2
a: Renounce Religion, Berserk, Trog's Hand


You were on level 2 of the Dungeon.
You worshipped Trog.
Trog was pleased with you.
You visited 1 branch of the dungeon, and saw 2 of its levels.

You collected 20 gold pieces.

Inventory:

Hand Weapons
 a - a +0 hand axe (weapon)
Armour
 b - a +0 animal skin (worn)
Scrolls
 d - 5 scrolls of enchant weapon {unknown}
 h - a scroll of noise {unknown}
 i - a scroll of teleportation {unknown}
 j - a scroll of identify {unknown}
 k - a scroll of remove curse {unknown}
Potions
 c - a potion of might {unknown}
 e - a potion of degeneration {unknown}
 f - a potion of heal wounds {unknown}
 g - a potion of attraction {unknown}


   Skills:
 + Level 4.1 Fighting
 + Level 4.1 Axes
 + Level 3.2 Armour
 + Level 2.9 Dodging


You had 2 spell levels left.
You didn't know any spells.
Your spell library was empty.

Dungeon Overview and Level Annotations

Branches:
Dungeon (2/15)

Altars:

Annotations:
D:2 Robin


Innate Abilities, Weirdness & Mutations

You reflexively headbutt those who attack you in melee.
You have a pair of horns on your head.


Message History

You closely miss the kobold.
Robin of the Strong Arm comes into view.
They are wielding a +0 club and carrying a wand of random effects (21).
The kobold barely misses you.
Robin moves out of view.
You hit the goblin.
You kill the goblin!
Trog accepts your kill.
You closely miss the kobold. The kobold closely misses you.
A goblin comes into view. It is wielding a +0 dagger.
The kobold misses you. You furiously retaliate!
You headbutt the kobold.
A goblin comes into view. It is wielding a +0 dagger.
The goblin moves out of view.
The goblin shouts!
You hear a shout!
The goblin barely misses you. You furiously retaliate!
You headbutt the goblin!
You kill the goblin!
Trog accepts your kill.
A goblin comes into view. It is wielding a +0 club.
You see here a +0 dagger.
A goblin comes into view.
The goblin hits you with a +0 club.
You die...

###.#....<..#
#.#.#.###.#
#.#.#.###.#
#.g.......#
###.#.###.#
#.# .# #.#
##g###### #.#
#g....g.#
.####.# #.g#
#@# ......#
#...###K#
.....†#
#....##.#
.####.#.##
...##g#
#l#.##.##)##g#
#.#.##...g.l.#
#g#.#####g####
#g#.# #.# .#
#.#.# #g#


You could see Robin (wandering), a gnoll, a leopard gecko, 3 goblins and a
kobold.

Vanquished Creatures
  A gnoll (D:2)
  An ooze (D:1)
  A leopard gecko (D:1)
  3 bats
  A giant cockroach (D:1)
  5 goblins
  5 hobgoblins
  5 frilled lizards
  10 kobolds
  6 rats (D:1)
38 creatures vanquished.

Vanquished Creatures (others)
  A kobold (D:1)
  7 plants (D:1)
8 creatures vanquished.

Grand Total: 46 creatures vanquished

Notes
Turn   | Place    | Note
-------+----------+-------------------------------------------
     0 | D:1      | dtburroughs the Minotaur Berserker began the quest for the
                  | Orb.
     0 | D:1      | Reached XP level 1. HP: 19/19 MP: 0/0
   114 | D:1      | Reached XP level 2. HP: 16/27 MP: 1/1
   428 | D:1      | Reached ** piety under Trog
   705 | D:1      | Reached XP level 3. HP: 28/33 MP: 2/2
  1144 | D:2      | Noticed Robin
  1152 | D:2      | Slain by a goblin

Illustrated notes

Levels and vault maps discovered:
D:1:      dpeg_arrival_tiny_a, layout_rooms, serial_glass, glass_columns_b,
          glass_columns_b, lexackson_kobold_supper
D:2:      layout_loops_ring, uniq_robin

Skill      XL: |  1  2 |
---------------+-------+-----
Fighting       | 4 |  4.1
Axes           | 4 |  4.1
Armour         | 3 |  3.2
Dodging        | |  2.9

Action                   || total
-------------------------++-------
Melee: Hand axe          ||    52
       Headbutt          ||     8
Invok: Trog's Hand       ||     2
       Berserk           ||     1
Armor: Animal skin       ||    15
Dodge: Dodged            ||    67
